 Dungeon Crawl Stone Soup version 0.31-a0-532-g28f74ba3e5 (webtiles) character file.

Game seed: 12121727744376266123

310 senseless the Changeling (level 6, 0/41 HPs)
             Began as an Octopode Shapeshifter on Aug 12, 2023.
             Was a Priest of Cheibriados.
             Slain by a gnoll
             ... wielding a +0 halberd
             ... led by a gnoll bouda
              (1 damage)
             ... on level 5 of the Dungeon.
             The game lasted 00:09:53 (3264 turns).

senseless the Changeling (Octopode Shapeshifter)    Turns: 3264, Time: 00:09:54

Health: 0/41       AC:  1    Str: 22    XL:     6   Next: 41%
Magic:  3/6        EV: 14    Int: 17    God:    Cheibriados [***...]
Gold:   207        SH:  0    Dex: 18    Spells: 5/5 levels left

rFire   . . .        k - +0 lajatang
rCold   . . .        (shield currently unavailable)
rNeg    . . .        (helmet currently unavailable)
rPois   .            (no amulet)
rElec   .            (no ring)
rCorr   .            (no ring)
SInv    .            (no ring)
Will    .....        (no ring)
Stlth   ++++         (no ring)
HPRegen 0.26/turn    (no ring)
MPRegen 0.10/turn    (no ring)
                     (no ring)

%: no passive effects
@: beast-form, very slow
A: beast (slay +2), almost no armour, amphibious, 8 rings, camouflage 1,
gelatinous body 1, (nimble swimmer 1), tentacles
a: Begin Untransformation, Renounce Religion, Bend Time, Temporal Distortion


You were on level 5 of the Dungeon.
You worshipped Cheibriados.
Cheibriados was most pleased with you.
You were a hulking beast.
You visited 1 branch of the dungeon, and saw 5 of its levels.

You collected 207 gold pieces.

Inventory:

Hand Weapons
 h - a +1 antimagic dagger
 k - a +0 lajatang (weapon)
Missiles
 f - 2 curare-tipped darts (quivered)
Armour
 q - a +0 buckler
Talismans
 b - a beast talisman (active)
 c - a flux talisman
Scrolls
 e - a scroll of acquirement {unknown}
 o - 2 scrolls of vulnerability
Potions
 a - 3 potions of lignification
 d - a potion of might {unknown}
 g - a potion of resistance
 i - a potion of attraction
 l - a potion of brilliance {unknown}
 n - a potion of heal wounds {unknown}
 r - a potion of magic
 t - a potion of mutation {unknown}


   Skills:
 + Level 2.5 Fighting
 + Level 3.1 Dodging
 + Level 3.4 Stealth
 + Level 3.8 Unarmed Combat
 * Level 4.3 Shapeshifting


You had 5 spell levels left.
You didn't know any spells.
Your spell library contained the following spells:

 Spells                   Type           Power      Damage    Failure   Level
 Gell's Gravitas          Tloc           0%         N/A       56%         3
 Teleport Other           Tloc           0%         N/A       56%         3
 Vhi's Electric Charge    Tloc/Air       0%         N/A       56%         3
 Arcjolt                  Conj/Air       0%         1d10      100%        5
 Dispersal                Tloc           0%         N/A       100%        6
 Maxwell's Capacitive Co  Air            0%         ∞         100%        8


Dungeon Overview and Level Annotations

Branches:
Dungeon (5/15)
 Temple: D:4-7

Altars:
Cheibriados

Shops:
D:1 *


Innate Abilities, Weirdness & Mutations

You are a hulking beast.
Your limbs bulge with bestial killing power. (Slay +2)
You cannot wear most types of armour.
You are amphibious.
You can wear up to eight rings at the same time.
Your skin changes colour to match your surroundings (Stealth+).
Your rubbery body absorbs attacks. (AC +1, EV +1)
((You are camouflaged when in or above water. (Stealth+)))
You have tentacles for arms and can constrict up to eight enemies at once.


Message History

A gnoll bouda and 2 gnolls come into view.
Found a stone staircase leading down.
The gnoll shouts!
The gnoll hits you but does no damage.
The gnoll bouda shouts!
The gnoll shouts! x2
You slash the gnoll!
You kill the gnoll!
Cheibriados appreciates the change of pace.
The gnoll bouda gazes fiercely through you!
You feel your attacks grow feeble.
You see here a +0 spear.
Your attacks no longer feel as feeble.
The gnoll misses you. The gnoll hits you with a +0 flail!
The gnoll hits you from afar with a +0 halberd!
The gnoll closely misses you.
You slash the gnoll bouda! You grab the gnoll bouda.
You squeeze the gnoll bouda.
The gnoll bouda is severely wounded.
You constrict the gnoll bouda.
The gnoll bouda barks out a call to the hunt!
The gnolls pick up the pace!
The gnoll hits you with a +0 flail. The gnoll barely misses you.
The gnoll hits you from afar with a +0 halberd!
* * * LOW HITPOINT WARNING * * *
You fail to use your ability.
You constrict the gnoll bouda.
The gnoll bouda hits you with a +0 club.
* * * LOW HITPOINT WARNING * * *
The gnoll misses you. The gnoll barely misses you.
The flow of time bends around you.
Cheibriados rebukes the gnoll.
The gnoll seems to slow down.
The gnoll bouda resists with some effort.
Cheibriados rebukes the gnoll.
The gnoll seems to slow down.
You constrict the gnoll bouda.
You kill the gnoll bouda!
Cheibriados thoroughly appreciates the change of pace.
The gnoll hits you with a +0 flail.
* * * LOW HITPOINT WARNING * * *
The gnoll hits you from afar with a +0 halberd.
You die...

.... ... .... ....
....# #... #....#
#.. ######......
#..##.#.........
#......)g)......
###....#.h.g.....
##......##>g......
#.....).####......
###....#####......
#.....##........
##.[....<......#
#........###..#
##..[.....# #..
#....†....#


You could see 3 gnolls.

Vanquished Creatures
  2 scorpions
  A gnoll bouda (D:5)
  A sleepcap (D:4)
  An iguana (D:4)
  4 adders
  2 gnolls (D:5)
  A worm (D:3)
  2 dart slugs
  3 orcs (D:4)
  9 bats
  3 endoplasms
  3 giant cockroaches
  5 hobgoblins
  3 jackals (D:4)
  5 quokkas
  7 ball pythons
  6 frilled lizards
  9 goblins
  6 kobolds
  5 rats
  A spectral hobgoblin (D:1)
79 creatures vanquished.

Notes
Turn   | Place    | Note
-------+----------+-------------------------------------------
     0 | D:1      | senseless the Octopode Shapeshifter began the quest for the
                  | Orb.
     0 | D:1      | Reached XP level 1. HP: 13/13 MP: 1/1
   282 | D:1      | Reached XP level 2. HP: 10/18 MP: 2/2
   415 | D:1      | Found Vipniveh's General Store.
   463 | D:1      | Reached skill level 1 in Stealth
   656 | D:1      | Found a faded altar of an unknown god.
   666 | D:1      | Prayed at the altar of an unknown god.
   666 | D:1      | Became a worshipper of Cheibriados the Contemplative
   666 | D:1      | Reached * piety under Cheibriados
   761 | D:1      | Reached XP level 3. HP: 23/23 MP: 3/3
  1387 | D:2      | Reached ** piety under Cheibriados
  1763 | D:3      | Reached XP level 4. HP: 28/28 MP: 4/4
  2700 | D:4      | Noticed a lemure
  2758 | D:4      | Noticed a lemure
  2843 | D:4      | Reached XP level 5. HP: 30/34 MP: 5/5
  2847 | D:4      | Found a snail-covered altar of Cheibriados.
  2915 | D:4      | Reached skill level 4 in Shapeshifting
  3188 | D:4      | Reached XP level 6. HP: 40/40 MP: 6/6
  3227 | D:5      | Entered Level 5 of the Dungeon
  3230 | D:5      | Reached *** piety under Cheibriados
  3264 | D:5      | HP: 1/41 [gnoll/+0 flail[a gnoll bouda] (5)]
  3264 | D:5      | Slain by a gnoll

Illustrated notes

Levels and vault maps discovered:
D:1:      lightli_arrival_isolated_outpost, layout_basic,
          dreamdust_ecumenical_altar_drowned_temple, serial_shops, shop,
          dreamdust_mushroom_princess, nicolae_figureground_pulse
D:2:      layout_basic, minmay_surrounded
D:3:      layout_basic, minmay_misc_feat_ornament, st_stairs_9,
          grunt_ministairs_12, roderic_serpentine_path, interstate_on_off
D:4:      nicolae_cairo_tiling_large_dashed, layout_gridville,
          nicolae_overflow_hidden_temple, kennysheep_slug_shrine, uniq_pikel
D:5:      layout_cave_pools, temple_pool_b, corexii_hall_statues_x

Skill      XL: |  1  2  3  4  5 |
---------------+----------------+-----
Stealth        | 1 2 3 |  3.4
Fighting       | 2 |  2.5
Shapeshifting  | 4 |  4.3
Dodging        | 3 |  3.1
Unarmed Combat | |  3.8

Action                     |  1- 3 |  4- 6 || total
---------------------------+-------+-------++-------
  Melee: Unarmed           |    69 |       ||    69
         Constrict         |    19 |    11 ||    30
         Punch             |     4 |       ||     4
         Tentacles         |    14 |    10 ||    24
         Lajatang          |     5 |    46 ||    51
 Invoke: Bend Time         |       |     1 ||     1
    Use: Scroll            |       |     8 ||     8
         Potion            |       |     2 ||     2
   Stab: Sleeping          |    15 |     3 ||    18
 Armour: Skin              |     7 |     6 ||    13
  Dodge: Dodged            |    34 |    41 ||    75

Table legend: (Time is in decaauts)
 A = Elapsed time spent in this place.
 B = Non-inter-level travel time spent in this place.
 C = Inter-level travel time spent in this place.
 D = Time resting spent in this place.
 E = Time spent auto-exploring this place.
 F = Levels seen in this place.
 G = Mean time per level.
                   A        B        C        D        E       F      G
               +--------+--------+--------+--------+--------+-----+--------+
         Total |   4275 |   4059 |    216 |    157 |   2979 |   5 |  855.0 |
       Dungeon |   4275 |   4059 |    216 |    157 |   2979 |   5 |  855.0 |
               +--------+--------+--------+--------+--------+-----+--------+

Top non-repeatable levels by time:
     D:3: 1409 daAuts
     D:1: 1102 daAuts
     D:2: 888 daAuts
     D:4: 820 daAuts
     D:5: 55 daAuts
